 Dungeon Crawl Stone Soup version 0.30-a0-457-g4b7bca3bfa (webtiles) character file.

Game seed: 1649379950123307185

295980 AigisTheKnight the Peltast (level 20, -16/129 HPs)
             Began as a Gargoyle Earth Elementalist on Dec 12, 2022.
             Was the Champion of the Shining One.
             Killed from afar by a deep elf sorcerer (43 damage)
             ... with damnation
             ... on level 3 of the Elven Halls.
             The game lasted 02:35:10 (44252 turns).

AigisTheKnight the Peltast (GrEE)                  Turns: 44252, Time: 02:35:11

Health: -16/129    AC: 32    Str: 18    XL:     20   Next: 89%
Magic:  23/44      EV: 10    Int: 25    God:    the Shining One [******]
Gold:   1666       SH: 20    Dex: 16    Spells: 7/42 levels left

rFire   + . .      SeeInvis +    z - +8 long sword of Plague {spect, SInv}
rCold   + + .      Faith    .    I - +0 kite shield
rNeg    + + +      Spirit   .    f - +8 chain mail "Peumuroo" {Drain Will+ Slay+2 SInv}
rPois   ∞          Reflect  .    p - -2 hat of the Alchemist {rElec rPois rF+ rC+ rN+ Will+ rMut rCorr}
rElec   +          Harm     .    N - scarf {repulsion}
rCorr   +          Rampage  .    s - +0 pair of gloves
rMut    +                        D - +0 pair of boots of Dishonour {rC+ Int+3}
Will    +++..                    q - amulet of magic regeneration
Stlth   ..........               X - ring of Liczeyc {rElec Str+3 Dex+6 SInv}
HPRegen 0.41/turn                Q - ring of magical power
MPRegen 0.69/turn

@: divinely shielded, corroded, flying, glowing, repel missiles
A: sickness immunity, AC +15, big wings, negative energy resistance 1,
electricity resistance, torment resistance 1, petrification resistance
}: 2/15 runes: serpentine, barnacled
a: Renounce Religion, Divine Shield, Cleansing Flame, Summon Divine Warrior,
Brand Weapon With Holy Wrath


You were on level 3 of the Elven Halls.
You worshipped the Shining One.
The Shining One was exalted by your worship.
You visited 6 branches of the dungeon, and saw 33 of its levels.
You visited 1 bazaar.
You also visited: Sewer.

You collected 4728 gold pieces.
You spent 3062 gold pieces at shops.

Inventory:

Hand Weapons
 y - a +2 vampiric eveningstar
 z - the +8 long sword of Plague (weapon) {spect, SInv}
   (You found it on level 10 of the Dungeon)

   When its wielder attacks, the weapon's spirit leaps out and strikes again.
   The spirit shares a part of any damage it takes with its wielder.
   SInv:      It lets you see invisible.
Missiles
 B - 4 silver javelins
Armour
 e - a +1 tower shield of protection
 f - the +8 chain mail "Peumuroo" (worn) {Drain Will+ Slay+2 SInv}
   (You bought it in a shop in a bazaar)

   Slay:      It affects your accuracy & damage with ranged weapons and melee
   (+2).
   SInv:      It lets you see invisible.
   Drain:     It drains your maximum health when unequipped.
   Will:      It increases your willpower.
 p - the -2 hat of the Alchemist (worn) {rElec rPois rF+ rC+ rN+ Will+ rMut rCorr}
   (You found it on level 1 of the Snake Pit)

   rF:        It protects you from fire.
   rC:        It protects you from cold.
   rElec:     It insulates you from electricity.
   rPois:     It protects you from poison.
   rN:        It protects you from negative energy.
   rCorr:     It protects you from acid and corrosion.
   rMut:      It protects you from mutation.
   Will:      It increases your willpower.
 s - a +0 pair of gloves (worn)
 D - the +0 pair of boots of Dishonour (worn) {rC+ Int+3}
   (You found it on level 4 of the Shoals)

   Int:       It affects your intelligence (+3).
   rC:        It protects you from cold.
 I - a +0 kite shield (worn)
 N - a scarf of repulsion (worn)
 W - a +0 robe of the Archmagi
Jewellery
 q - an amulet of magic regeneration (around neck)
 t - the ring "Kearifibb" {Drain rPois rF+ Dex+8}
   (You took it off a nagaraja on level 4 of the Snake Pit)

   [ring of protection from fire]

   Dex:       It affects your dexterity (+8).
   rF:        It protects you from fire.
   rPois:     It protects you from poison.
   Drain:     It drains your maximum health when unequipped.
 x - a ring of resist corrosion
 A - the ring of Conformity {rC+ EV+4}
   (You bought it in a shop on level 1 of the Orcish Mines)

   [ring of evasion]

   EV:        It affects your evasion (+4).
   rC:        It protects you from cold.
 Q - a ring of magical power (right hand)
 R - a +6 ring of intelligence
 X - the ring of Liczeyc (left hand) {rElec Str+3 Dex+6 SInv}
   (You bought it in a shop on level 3 of the Shoals)

   [ring of dexterity]

   Str:       It affects your strength (+3).
   Dex:       It affects your dexterity (+6).
   rElec:     It insulates you from electricity.
   SInv:      It lets you see invisible.
Wands
 a - a wand of flame (7)
 E - a wand of charming (39)
 K - a wand of quicksilver (13)
 L - a wand of roots (28)
 Z - a wand of digging (8)
Scrolls
 g - 2 scrolls of enchant armour
 i - 9 scrolls of fear
 k - 4 scrolls of fog
 l - 3 scrolls of amnesia
 m - 2 scrolls of magic mapping
 v - 6 scrolls of poison
 w - a scroll of torment {unknown}
 C - 2 scrolls of summoning
 H - 13 scrolls of teleportation
 M - 6 scrolls of immolation
 O - 2 scrolls of silence
 S - 5 scrolls of enchant weapon
 U - a scroll of brand weapon {unknown}
 V - 4 scrolls of blinking
Potions
 b - 3 potions of magic
 c - 6 potions of lignification
 d - 9 potions of cancellation
 h - 7 potions of curing
 j - 3 potions of resistance
 o - 10 potions of brilliance
 r - 3 potions of ambrosia
 F - 2 potions of berserk rage
 G - 8 potions of mutation
 J - 5 potions of might
 P - 2 potions of haste
Miscellaneous
 n - a lightning rod (inert)
 T - a tin of tremorstones (2/2)
 Y - a phantom mirror (inert)


   Skills:
 - Level 15.0 Fighting
 + Level 11.4 Armour
 - Level 7.3 Dodging
 - Level 2.1 Stealth
 + Level 15.5 Shields
 - Level 11.6 Spellcasting
 + Level 15.4 Conjurations
 - Level 11.7 Summonings
 - Level 5.0 Translocations
 - Level 0.7 Transmutations
 - Level 9.9 Ice Magic
 + Level 5.0 Air Magic
 - Level 15.1 Earth Magic


You had 7 spell levels left.
You knew the following spells:

 Your Spells              Type           Power      Damage    Failure   Level
a - Sandblast             Erth           100%       2d20      1%          1
b - Stone Arrow           Conj/Erth      100%       3d13      1%          3
c - Passwall              Tmut/Erth      44%        N/A       3%          2
d - Blink                 Tloc           80%        N/A       11%         2
e - Passage of Golubria   Tloc           40%        N/A       56%         4
f - Freezing Cloud        Conj/Ice/Air   30%        6-21      24%         5
g - Leda's Liquefaction   Hex/Erth       25%        N/A       26%         4
h - Spellforged Servitor  Conj/Summ      35%        N/A       87%         7
i - Summon Lightning Spi  Summ/Air       54%        N/A       19%         4
j - Swiftness             Air            39%        N/A       22%         3

Your spell library contained the following spells:

 Spells                   Type           Power      Damage    Failure   Level
 Shock                    Conj/Air       100%       1d9       1%          1
 Momentum Strike          Conj/Tloc      100%       3d10      1%          2
 Static Discharge         Conj/Air       100%       2-7/arc   1%          2
 Call Canine Familiar     Summ           65%        N/A       1%          3
 Ozocubu's Armour         Ice            59%        N/A       3%          3
 Apportation              Tloc           80%        N/A       7%          1
 Mephitic Cloud           Conj/Pois/Air  48%        N/A       10%         3
 Ensorcelled Hibernation  Hex/Ice        78%        N/A       11%         2
 Summon Guardian Golem    Hex/Summ       43%        N/A       16%         3
 Lesser Beckoning         Tloc           80%        N/A       21%         3
 Vhi's Electric Charge    Tloc/Air       78%        N/A       22%         3
 Petrify                  Tmut/Erth      53%        N/A       22%         4
 Flame Wave               Conj/Fire      52%        2d13      24%         4
 Arcjolt                  Conj/Air       30%        1d40      24%         5
 Lightning Bolt           Conj/Air       30%        1d47      24%         5
 Poisonous Vapours        Pois/Air       54%        N/A       30%         2
 Sting                    Tmut/Pois      64%        1d6       43%         1
 Portal Projectile        Hex/Tloc       54%        N/A       52%         3
 Ice Form                 Ice/Tmut       41%        N/A       54%         4
 Airstrike                Air            19%        2d(3-19)  56%         4
 Borgnjor's Vile Clutch   Necr/Erth      25%        N/A       56%         5
 Orb of Destruction       Conj           37%        9d11      63%         7
 Summon Mana Viper        Hex/Summ       43%        N/A       80%         5
 Inner Flame              Hex/Fire       14%        N/A       86%         3
 Tukima's Dance           Hex            14%        N/A       86%         3
 Olgreb's Toxic Radiance  Pois           14%        N/A       99%         4
 Alistair's Intoxication  Tmut/Pois      10%        N/A       100%        5
 Blade Hands              Tmut           9%         N/A       100%        5
 Yara's Violent Unravell  Hex/Tmut       8%         3d5       100%        5
 Eringya's Noxious Bog    Tmut/Pois      8%         N/A       100%        6
 Simulacrum               Ice/Necr       19%        N/A       100%        6
 Ozocubu's Refrigeration  Ice            29%        4d14      100%        7
 Ignition                 Fire           7%         3d4       100%        8
 Necromutation            Tmut/Necr      8%         N/A       100%        8
 Polar Vortex             Ice            29%        N/A       100%        9
 Cigotuvi's Dreadful Rot  Necr/Pois/Air  Unusable   N/A       N/A         2
 Statue Form              Tmut/Erth      Unusable   N/A       N/A         6

Dungeon Overview and Level Annotations

Branches:
Dungeon (15/15)            Temple (0/1) D:6            Lair (5/5) D:9
 Shoals (4/4) Lair:2        Snake (4/4) Lair:2        Slime (0/5) Lair:4
    Orc (2/2) D:9             Elf (3/3) Orc:2        Vaults (0/5) D:13
  Sewer (visited)
 Depths: D:15

Altars:
Ashenzari
Cheibriados
Fedhas
Gozag
Hepliaklqana
Kikubaaqudgha
Nemelex Xobeh
Okawaru
Ru
Trog
Wu Jian
Yredelemnul
The Shining One

Shops:
Orc:1 **=   Orc:2 :*(((   Elf:1 (   Elf:3 *   Shoals:3 *(   Snake:4 (

Annotations:
Lair:4 exclusion: 2 oklob plants
Snake:2 3 runed translucent doors, Zonum's ghost, adept DjGl


Innate Abilities, Weirdness & Mutations

You are immune to sickness and miasma.
Your stone body is resilient. (AC +15)
You are immune to poison.
Your large and strong wings let you fly.
You resist negative energy. (rN+)
You are resistant to electric shocks. (rElec)
You are resistant to unholy torment.
You are immune to petrification.


Message History

The deep elf master archer shoots an arrow.
The arrow hits your deep elf master archer!!!
Your deep elf master archer dies!
Your deep elf master archer's corpse shimmers and vanishes!
Your shield is strengthened by the Shining One's divine power.
The deep elf sorcerer mumbles some strange words.
You feel troubled.
The deep elf master archer shoots an arrow.
The arrow hits your lightning spire!!
Your lightning spire is destroyed!
Your lightning spire disappears in a puff of smoke!
The deep elf high priest shouts! x2
The deep elf sorcerer casts a spell at you.
The bolt of acid hits you! You resist.
A +0 dire flail of protection comes into view.
The deep elf high priest mumbles some strange prayers to its god against you.
Something smites you!
You hear a shout!
The deep elf sorcerer seems less brilliant.
The deep elf sorcerer points at you and mumbles some strange words.
The bolt of acid hits you! You resist. The acid corrodes you!
The deep elf sorcerer is empowered by the deep elf high priest's aura!
The deep elf high priest mumbles some strange prayers to its god against you.
The sphere of damnation explodes!
The damnation engulfs you!!
You hear a shout!
The deep elf annihilator mumbles some strange words.
The deep elf annihilator blinks!
The deep elf sorcerer gestures at you while chanting.
You resist with almost no effort.
The deep elf master archer shoots an arrow.
You block the arrow.
There is a stone staircase leading up here.
The deep elf sorcerer gestures at you while chanting.
The bolt of acid hits you. You resist.
The deep elf master archer shoots an arrow.
The arrow hits you!!
* * * LOW HITPOINT WARNING * * *
The deep elf sorcerer casts a spell at you.
The sphere of damnation explodes!
The damnation engulfs you!!!
You die...

...............).......#...#.....
####'########..#'###...#...'.....
..........).#..#...#...#...#.....
............#..#...#...#...#.....
............#..#...#...#.).#.....
#############..#+###..ee)..#.....
... .............e#...#..... ...
..............#...#..... ...
.......@..e...#...#..... ###
###############e..###### ...
.........e4)4...... ...
......)..†......... ####
#######.########### ...# ..).
...# ......e ...# ........e. ...#
[.###.e#.##


You could see a deep elf master archer, a deep elf sorcerer (fast, empowered)
and 2 deep elf high priests.

Vanquished Creatures
  A deep elf blademaster (Elf:3)
  Polyphemus (Shoals:4)
  Asterion (Elf:2)
  Frances (D:14)
  The ghost of Busoho the Hoplite, an adept MiFi of Okawaru (Shoals:3)
  Roxanne (Shoals:3)
  The ghost of Reeplash the Carver, a journeyman MeEE of Cheibriados (Snake:1)
  12 nagarajas (Snake:4)
  Kirke (D:14)
  A deep elf sorcerer (Elf:3)
  A fenstrider witch (Shoals:4)
  The ghost of bakla the Brawler, a journeyman TrDe of Wu Jian (Orc:2)
  An orc warlord (Orc:1)
  A very ugly thing (Snake:4)
  A deep elf demonologist (Elf:3)
  Nessos (D:13)
  Azrael (D:14)
  2 deep elf annihilators
  4 deep elf death magi
  3 merfolk javelineers (Shoals:4)
  17 merfolk impalers
  Josephine (D:14)
  An ice dragon (Lair:4)
  Fannar (D:12)
  A hydra (Lair:4)
  A salamander tyrant (Snake:4)
  4 merfolk aquamancers
  A catoblepas (Shoals:4)
  5 boulder beetles
  Erica (Orc:1)
  5 centaur warriors
  6 two-headed ogres
  7 merfolk avatars
  2 alligator snapping turtles (Shoals:4)
  7 anacondas
  29 dancing weapons
  2 satyrs
  2 death yaks (Shoals:4)
  31 naga warriors
  A tengu warrior (D:13)
  An orc high priest (Orc:2)
  14 naga sharpshooters
  11 deep elf knights
  12 shock serpents
  A fire crab (shapeshifter) (D:10)
  A skeletal warrior (D:10)
  3 salamander mystics
  15 sea snakes
  7 naga ritualists
  4 wizards
  13 deep elf archers
  An obsidian statue (Shoals:3)
  21 deep elf zephyrmancers
  6 orc knights (Orc:2)
  12 mana vipers
  12 ugly things
  19 deep elf pyromancers
  13 harpies (Shoals:3)
  3 orc sorcerers (Orc:2)
  2 oklob plants (Shoals:2)
  22 salamanders
  4 cyclopes
  16 fauns
  17 manticores
  Maurice (D:8)
  2 moths of wrath (Snake:1)
  10 guardian serpents
  5 water nymphs
  12 merfolk sirens
  22 naga magi
  31 black mambas
  8 cane toads
  2 gargoyles
  2 freezing wraiths
  An unseen horror (D:11)
  An efreet (D:14)
  A kobold demonologist (D:11)
  An anaconda simulacrum (Lair:4)
  6 komodo dragons
  5 rime drakes
  2 ice devils (Lair:4)
  A tengu conjurer (D:13)
  45 merfolk
  12 trolls
  2 polar bears (Lair:4)
  7 saltlings (Orc:2)
  8 hornets
  8 wind drakes
  5 blink frogs (Lair:3)
  4 dream sheep (Shoals:2)
  6 snapping turtles
  An air elemental (Elf:2)
  A wyvern (D:7)
  A shadow (D:11)
  2 vampires
  A spriggan (shapeshifter) (D:14)
  9 water elementals
  7 wraiths
  4 fire elementals (D:14)
  23 yaks
  4 hogs (D:14)
  Eustachio (D:4)
  Grum (D:8)
  8 vampire mosquitoes (D:12)
  Edmund (D:6)
  5 wargs
  49 nagas
  An acid dragon (D:10)
  24 water moccasins
  3 hell hounds (D:14)
  27 orc warriors
  A sky beast (D:8)
  2 ice beasts
  22 wolves
  6 ogres
  7 centaurs
  7 kobold brigands
  2 phantoms
  Blork the orc (D:5)
  8 bullfrogs
  2 scorpions (D:4)
  A cane toad simulacrum (Lair:4)
  2 necrophages
  2 earth elementals
  8 wights (D:7)
  2 elephant simulacra (Lair:4)
  18 killer bees
  2 howler monkeys (D:7)
  3 vampire bats (D:6)
  4 electric eels
  Crazy Yiuf (D:4)
  8 hounds
  13 orc priests
  A jelly (D:6)
  2 iguanas (D:6)
  10 hell rats
  Ijyb (D:4)
  17 orc wizards
  Natasha (thrice) (D:2)
  15 adders
  A naga simulacrum (Lair:4)
  3 river rats (Sewer)
  A shadow imp (D:6)
  3 white imps
  An ufetubus (D:5)
  2 worms (D:2)
  5 dart slugs
  92 orcs
  5 bats
  4 bat skeletons (D:6)
  2 bat zombies (D:6)
  6 endoplasms
  5 giant cockroaches
  10 goblins
  10 hobgoblins
  50 kobolds
  5 quokkas
  15 ball pythons
  2 frilled lizards
  22 rats
  6 pillars of salt (Orc:2)
1196 creatures vanquished.

Vanquished Creatures (collateral kills)
  A death yak (Shoals:4)
  A naga sharpshooter (Snake:2)
  4 deep elf zephyrmancers
  4 deep elf pyromancers
  A fire elemental (Elf:1)
11 creatures vanquished.

Vanquished Creatures (others)
  3 deep elf zephyrmancers
  A human (D:14)
  An orc (Orc:2)
  8 fungi
  4 pillars of salt (Orc:2)
  48 plants
  6 tentacles (Shoals:2)
71 creatures vanquished.

Grand Total: 1278 creatures vanquished

Notes
Turn   | Place    | Note
-------+----------+-------------------------------------------
     0 | D:1      | AigisTheKnight the Gargoyle Earth Elementalist began the
                  | quest for the Orb.
     0 | D:1      | Reached XP level 1. HP: 10/10 MP: 3/3
   226 | D:1      | Reached XP level 2. HP: 16/16 MP: 0/5
   427 | D:1      | Reached skill level 1 in Armour
   586 | D:1      | Reached skill level 1 in Fighting
   852 | D:2      | Noticed Natasha
   857 | D:2      | Killed Natasha
   858 | D:2      | Reached XP level 3. HP: 17/20 MP: 2/6
   981 | D:2      | Reached XP level 4. HP: 22/25 MP: 3/7
  1208 | D:2      | Noticed Natasha
  1213 | D:2      | Killed Natasha
  1412 | D:2      | Noticed Natasha
  1416 | D:2      | Killed Natasha
  1417 | D:2      | Reached XP level 5. HP: 27/30 MP: 6/9
  1644 | D:3      | Found an iron altar of Okawaru.
  1961 | D:3      | Found a broken altar of Ashenzari.
  1997 | D:3      | Reached XP level 6. HP: 36/36 MP: 8/10
  2076 | D:3      | Reached skill level 5 in Earth Magic
  2327 | D:3      | Found a hazy altar of Hepliaklqana.
  2643 | D:4      | Noticed Ijyb
  2643 | D:4      | Noticed Eustachio
  2647 | D:4      | Reached XP level 7. HP: 30/42 MP: 3/12
  2649 | D:4      | Killed Ijyb
  2734 | D:4      | Learned a level 3 spell: Stone Arrow
  2737 | D:4      | Learned a level 2 spell: Passwall
  2765 | D:4      | Found a glowing golden altar of the Shining One.
  2767 | D:5      | Entered Level 5 of the Dungeon
  2804 | D:5      | Noticed Blork the orc
  2812 | D:5      | Killed Blork the orc
  3005 | D:5      | Found a glowing drain.
  3026 | D:5      | Reached XP level 8. HP: 48/48 MP: 9/14
  3036 | Sewer    | Entered a sewer
  4087 | D:5      | Reached skill level 5 in Fighting
  4087 | D:5      | Reached skill level 5 in Armour
  4228 | D:4      | Killed Eustachio
  4266 | D:4      | Reached skill level 5 in Spellcasting
  4282 | D:4      | Became a worshipper of the Shining One
  4524 | D:4      | Found a runed translucent door.
  4525 | D:4      | Noticed Crazy Yiuf
  4615 | D:4      | Found a sparkling altar of Nemelex Xobeh.
  4639 | D:4      | Found a basalt altar of Yredelemnul.
  4733 | D:4      | Killed Crazy Yiuf
  4843 | D:6      | Found a staircase to the Ecumenical Temple.
  5530 | D:6      | Reached skill level 1 in Conjurations
  5530 | D:6      | Reached XP level 9. HP: 55/55 MP: 7/16
  5608 | D:6      | Noticed Edmund
  5617 | D:6      | Killed Edmund
  5810 | D:6      | Found an ancient bone altar of Kikubaaqudgha.
  5822 | D:6      | Reached * piety under the Shining One
  6659 | D:7      | Found a sacrificial altar of Ru.
  7128 | D:7      | Learned a level 2 spell: Blink
  7227 | D:8      | Found a blossoming altar of Fedhas.
  7227 | D:8      | Found a bloodstained altar of Trog.
  7227 | D:8      | Found a snail-covered altar of Cheibriados.
  7243 | D:8      | Reached XP level 10. HP: 63/63 MP: 16/19
  7276 | D:8      | Noticed Maurice
  7291 | D:8      | Killed Maurice
  7292 | D:8      | Reached skill level 1 in Translocations
  7471 | D:8      | Reached ** piety under the Shining One
  7637 | D:8      | Noticed Grum
  7702 | D:8      | Killed Grum
  8694 | D:9      | Reached skill level 5 in Conjurations
  8846 | D:9      | Found a staircase to the Lair.
  9163 | D:9      | Found a staircase to the Orcish Mines.
  9402 | D:9      | Noticed a two-headed ogre
  9775 | Lair:1   | Entered Level 1 of the Lair of Beasts
  9793 | Lair:1   | Reached XP level 11. HP: 68/68 MP: 18/21
  9973 | Lair:1   | Reached skill level 10 in Earth Magic
 10452 | Lair:1   | Reached *** piety under the Shining One
 12107 | Lair:2   | Found a staircase to the Snake Pit.
 12117 | Lair:2   | Reached skill level 5 in Dodging
 12117 | Lair:2   | Reached XP level 12. HP: 53/76 MP: 21/24
 13203 | Lair:2   | Found a staircase to the Shoals.
 14107 | Lair:3   | Reached skill level 10 in Fighting
 14606 | Lair:4   | Noticed an eight-headed hydra
 14905 | Lair:3   | Reached **** piety under the Shining One
 15346 | Lair:4   | Found a staircase to the Slime Pits.
 15675 | Lair:4   | Killed an eight-headed hydra
 15796 | Lair:4   | Noticed an ice dragon
 15805 | Lair:5   | Entered Level 5 of the Lair of Beasts
 16406 | Lair:4   | Reached XP level 13. HP: 83/83 MP: 19/26
 17125 | Lair:4   | Killed an ice dragon
 17526 | D:10     | Entered Level 10 of the Dungeon
 17735 | D:10     | Found an ornate altar of the Wu Jian Council.
 17930 | D:10     | Identified the +8 long sword of Plague {spect, SInv}
 18072 | D:10     | Found the +5 scythe "Finisher" {speed, eviscerate}
 18517 | D:11     | Reached ***** piety under the Shining One
 19197 | D:12     | Found a runed translucent door.
 19294 | D:12     | Reached skill level 10 in Conjurations
 19532 | D:12     | Noticed Fannar
 19539 | D:12     | Killed Fannar
 19939 | D:12     | Reached skill level 10 in Spellcasting
 20107 | D:12     | Found a runed translucent door.
 20168 | D:12     | Found a runed translucent door.
 20169 | D:12     | Noticed a merfolk impaler
 20377 | D:12     | Learned a level 4 spell: Passage of Golubria
 20546 | D:13     | Found a gate to the Vaults.
 20555 | D:13     | Reached skill level 1 in Ice Magic
 20739 | D:13     | Gained mutation: Your large and strong wings let you fly.
                  | [Gargoyle growth]
 20739 | D:13     | Reached XP level 14. HP: 63/91 MP: 28/28
 20958 | D:13     | Noticed Nessos
 20968 | D:13     | Killed Nessos
 21479 | D:14     | Noticed Kirke
 21490 | D:14     | Killed Kirke
 21581 | D:14     | Reached skill level 1 in Shields
 21624 | D:14     | Noticed Azrael
 21937 | Orc:1    | Entered Level 1 of the Orcish Mines
 21945 | Orc:1    | Noticed Erica
 21953 | Orc:1    | Killed Erica
 21957 | Orc:1    | Found Ukuawudy's Assorted Antiques.
 22000 | Orc:1    | Found Inec's Jewellery Boutique.
 22009 | Orc:1    | Bought the ring of Conformity {rC+ EV+4} for 850 gold
                  | pieces
 22206 | Orc:1    | Found Qoommom's Assorted Antiques.
 22215 | Orc:1    | Bought a small diamond ring for 175 gold pieces
 22305 | Orc:2    | Entered Level 2 of the Orcish Mines
 22320 | Orc:2    | Noticed an orc warlord
 22507 | Orc:2    | Found a runed translucent gate.
 22507 | Orc:2    | Found a runed translucent gate.
 22508 | Orc:2    | Found a runed translucent gate.
 22510 | Orc:2    | Noticed bakla's ghost (journeyman TrDe)
 22610 | Orc:1    | Killed an orc warlord
 22759 | Orc:2    | Found a staircase to the Elven Halls.
 23027 | Orc:2    | Found Efrox's Antique Weapon Shoppe.
 23273 | Orc:2    | Paralysed by an orc sorcerer for 5 turns
 23494 | Orc:2    | Reached skill level 5 in Translocations
 23497 | Orc:2    | Reached ****** piety under the Shining One
 23590 | Orc:2    | Found Cuuzus's General Store.
 23592 | Orc:2    | Found Obitofykk's Book Shoppe.
 23598 | Orc:2    | Bought a book of Dangerous Friends for 480 gold pieces
 23602 | Orc:2    | Bought a scroll of teleportation for 39 gold pieces
 23617 | Orc:2    | Found Zofesche's Antique Weapon Boutique.
 23650 | Orc:2    | Found Kacu's Weapon Shoppe.
 23919 | Orc:2    | Bought a masterwork morningstar for 207 gold pieces
 23919 | Orc:2    | Identified the +7 morningstar of the Hidden Bounties
                  | {chaos, rElec Will- Dex+4 Stlth+} (You bought it in a shop
                  | on level 2 of the Orcish Mines)
 24098 | Snake:1  | Entered Level 1 of the Snake Pit
 24113 | Snake:1  | Noticed Reeplash's ghost (journeyman MeEE)
 24116 | Snake:1  | Found a transporter.
 24120 | Snake:1  | Found a transporter.
 24121 | Snake:1  | Found a bloodstained altar of Trog.
 24121 | Snake:1  | Found the -2 hat of the Alchemist {rElec rPois rF+ rC+ rN+
                  | Will+ rMut rCorr}
 24142 | Snake:1  | Found an ornate altar of the Wu Jian Council.
 24249 | Snake:1  | Reached skill level 1 in Summonings
 24266 | Lair:2   | Reached XP level 15. HP: 45/97 MP: 4/29
 24313 | Lair:2   | Learned a level 5 spell: Freezing Cloud
 24318 | Lair:2   | Learned a level 4 spell: Leda's Liquefaction
 25659 | Snake:2  | Reached skill level 5 in Shields
 25732 | Snake:2  | Noticed a nagaraja
 27140 | Snake:2  | Reached XP level 16. HP: 53/104 MP: 29/31
 27360 | Snake:2  | Reached skill level 15 in Earth Magic
 27474 | Snake:2  | Reached skill level 10 in Armour
 27504 | Snake:2  | Found a runed translucent gate.
 27505 | Snake:2  | Found a runed translucent gate.
 27506 | Snake:2  | Found a runed translucent gate.
 27521 | Snake:2  | Noticed Zonum's ghost (adept DjGl)
 28211 | D:14     | Noticed Josephine
 28218 | D:14     | Killed Josephine
 28296 | D:14     | Reached skill level 5 in Summonings
 28570 | D:14     | Noticed Frances
 28589 | D:14     | Killed Frances
 28736 | D:14     | Killed Azrael
 28989 | D:14     | Found an iron altar of Okawaru.
 29052 | D:15     | Entered Level 15 of the Dungeon
 29313 | Shoals:1 | Entered Level 1 of the Shoals
 30375 | Shoals:2 | Reached XP level 17. HP: 112/112 MP: 26/32
 30378 | Shoals:1 | Reached XP level 18. HP: 117/117 MP: 28/33
 31174 | Shoals:2 | Reached skill level 10 in Shields
 31493 | Shoals:3 | Found a runed translucent gate.
 31512 | Shoals:3 | Found a runed translucent gate.
 31512 | Shoals:3 | Found a runed translucent gate.
 31513 | Shoals:3 | Found an opulent altar of Gozag.
 31514 | Shoals:3 | Noticed Busoho's ghost (adept MiFi)
 31515 | Shoals:3 | Found Wuifoju's Assorted Antiques.
 31739 | Shoals:3 | Found Isogh's Weapon Emporium.
 31745 | Shoals:3 | Identified Roxanne's Compilation of the Figure
 31745 | Shoals:3 | Noticed Roxanne
 32414 | Shoals:3 | Reached skill level 15 in Fighting
 32825 | Shoals:3 | Learned a level 7 spell: Spellforged Servitor
 32826 | Shoals:4 | Entered Level 4 of the Shoals
 33402 | Shoals:4 | Reached skill level 5 in Ice Magic
 33449 | Shoals:4 | Got a barnacled rune of Zot
 33736 | Shoals:4 | Identified the +0 pair of boots of Dishonour {rC+ Int+3}
 34115 | Shoals:4 | Paralysed by a fenstrider witch for 4 turns
 34540 | Shoals:4 | Noticed Polyphemus
 34622 | Shoals:4 | Killed Polyphemus
 34623 | Shoals:4 | Reached XP level 19. HP: 93/124 MP: 11/34
 34698 | Shoals:4 | Identified the +4 sling of Ponwim {antimagic, rElec Str-5
                  | Int+3 Dex+4}
 35016 | Shoals:3 | Killed Busoho's ghost
 35028 | Shoals:3 | Reached skill level 10 in Summonings
 35178 | Shoals:3 | Bought a smoking granite ring for 190 gold pieces
 35178 | Shoals:3 | Identified the ring of Liczeyc {rElec Str+3 Dex+6 SInv}
                  | (You bought it in a shop on level 3 of the Shoals)
 35262 | Shoals:3 | Killed Roxanne
 36441 | Snake:1  | Killed Reeplash's ghost
 36443 | Snake:1  | Got Pefov's Compendium of Sweltering Enchantment
 36668 | Snake:4  | Entered Level 4 of the Snake Pit
 37059 | Snake:4  | Found Woreirur's Weapon Boutique.
 37184 | Snake:4  | Found a hazy altar of Hepliaklqana.
 37560 | Snake:4  | Got a serpentine rune of Zot
 38150 | Snake:4  | Identified the ring "Kearifibb" {Drain rPois rF+ Dex+8}
 39014 | Snake:4  | Reached XP level 20. HP: 119/129 MP: 22/35
 39158 | Snake:4  | Learned a level 4 spell: Summon Lightning Spire
 39162 | Snake:4  | Learned a level 3 spell: Swiftness
 39392 | Orc:2    | Killed bakla's ghost
 39571 | Orc:2    | Bought a scroll of poison for 52 gold pieces
 39820 | Elf:1    | Entered Level 1 of the Elven Halls
 39885 | Elf:1    | Reached skill level 1 in Air Magic
 40543 | Elf:1    | Found Xeadwops's Antique Weapon Shoppe.
 40770 | Elf:2    | Found a flickering gateway to a bazaar.
 40798 | Bazaar   | Entered a bazaar
 40833 | Bazaar   | Found Pubuimurre's Weapon Shop.
 40847 | Bazaar   | Found Vuosypir's Assorted Antiques.
 40861 | Bazaar   | Found Vojohufu's General Store.
 40869 | Bazaar   | Bought 2 scrolls of amnesia for 72 gold pieces
 40875 | Bazaar   | Found Daerygh's Antique Armour Boutique.
 40883 | Bazaar   | Bought a pair of transparent gloves for 209 gold pieces
 40883 | Bazaar   | Identified the +1 pair of gloves of Gekhub {+Inv rElec rN+
                  | Slay-6} (You bought it in a shop in a bazaar)
 40891 | Bazaar   | Found Jousy's Magic Scroll Shop.
 40905 | Bazaar   | Found Cysuc's Weapon Boutique.
 40919 | Bazaar   | Found Wyteg's Weapon Shop.
 41042 | Bazaar   | Bought a scroll of identify for 60 gold pieces
 41042 | Bazaar   | Bought a shiny chain mail for 225 gold pieces
 41062 | Bazaar   | Bought a potion of brilliance for 36 gold pieces
 41076 | Bazaar   | Bought a faintly humming chain mail for 209 gold pieces
 41076 | Bazaar   | Identified the +8 chain mail "Peumuroo" {Drain Will+ Slay+2
                  | SInv} (You bought it in a shop in a bazaar)
 41102 | Bazaar   | Bought a scroll of identify for 22 gold pieces
 41103 | Bazaar   | Bought a scroll of summoning for 104 gold pieces
 41103 | Bazaar   | Bought a scroll of identify for 22 gold pieces
 41103 | Bazaar   | Bought a scroll of identify for 22 gold pieces
 41103 | Bazaar   | Bought a scroll of fear for 44 gold pieces
 41103 | Bazaar   | Bought a scroll of fog for 44 gold pieces
 41585 | Elf:2    | Paralysed by an air elemental for 1 turns
 42202 | Elf:2    | Reached skill level 15 in Shields
 42236 | Elf:2    | Found a runed translucent gate.
 42236 | Elf:2    | Found a runed translucent gate.
 42238 | Elf:2    | Found a runed translucent gate.
 42537 | Elf:2    | Noticed Asterion
 43072 | Elf:2    | Reached skill level 15 in Conjurations
 43109 | Elf:2    | Killed Asterion
 43871 | Elf:3    | Entered Level 3 of the Elven Halls
 43876 | Elf:3    | Found Oliup's Assorted Antiques.
 43941 | Elf:3    | Identified a scroll of acquirement
 43942 | Elf:3    | Acquired 1181 gold pieces
 44244 | Elf:3    | Reached skill level 5 in Air Magic
 44252 | Elf:3    | Killed from afar by a deep elf sorcerer

Illustrated notes

Levels and vault maps discovered:
D:1:      minmay_arrival_arboretum_small, layout_loops_ring,
          chequers_serial_rivers_micro_a
D:2:      layout_basic, uniq_natasha
D:3:      layout_loops_ring, old_standard_altar, mainiacjoe_overflow_chevrons,
          ashenzari_conservatory_becter
D:4:      layout_rooms, tso_metal_star, nemelex_dance_club_becter,
          amcnicky_altar_gilded, st_stairs_1, minmay_misc_feat_pillars,
          uniq_ijyb, uniq_eustachio, uniq_crazy_yiuf_cottage
D:5:      layout_rooms, gup_sewer_entry_glass, nicolae_elevator_lobby_asterisk,
          uniq_blork_the_orc
D:6:      layout_basic, kennysheep_vampire_church,
          minmay_temple_entry_gardened_gates, minmay_misc_feat_rows, uniq_edmund
D:7:      layout_gridville, nicolae_ru_awakened_eye, st_stairs_14
D:8:      layout_cave_pods, gammafunk_temple_overflow_forgotten, uniq_grum,
          uniq_maurice
D:9:      layout_roguey, erik_lair_island, hiddenorc1_lemuel
D:10:     layout_cave_pools, mainiacjoe_overflow_alcove_2,
          minmay_guarded_unrand_finisher
D:11:     layout_long_grid
D:12:     layout_stronghold, mikee_hates_you, uniq_fannar
D:13:     layout_roguey [special_room_orc], david_vaults_1,
          lemuel_flamethrower_1, uniq_nessos
D:14:     layout_roguey, okawaru_altar_gauntlet_db, uniq_josephine, uniq_azrael,
          uniq_frances, uniq_kirke
D:15:     grunt_enter_depths_magical_seal, layout_rooms,
          nicolae_trove_entry_crystal, xom_redecorated, wad_woods_river_04,
          nicolae_wu_jian_wuxing_cycle, uniq_agnes
Lair:1:   layout_chaotic_city, dreamdust_wasp_nest
Lair:2:   layout_regular_city, minmay_shoals_entry_lonely_mermaid,
          minmay_snake_entry_six_corridors, st_stairs_10, serial_bayou_shore_a,
          serial_bayou_shore_b
Lair:3:   layout_long_grid
Lair:4:   dreamdust_isle_of_ice, layout_cave_shapes,
          minmay_slime_entry_oklob_open, grunt_megastairs_3,
          infiniplex_staircase_pool, serial_bayou_shore_b
Lair:5:   evil_forest, layout_regular_city
Shoals:1: cheibrodos_shoals_oceanic_diplomacy, layout_shoals
Shoals:2: layout_shoals, nicolae_shoals_this_corrosion
Shoals:3: layout_shoals, ebering_ghost_gozag, serial_shops,
          nicolae_shop_hallway_stairs, uniq_roxanne
Shoals:4: shoals_end_simple, layout_shoals,
          nicolae_shoals_beach_house_on_fowls_legs, uniq_polyphemus
Snake:1:  layout_onion_interference, gammafunk_ghost_wrathful_warriors,
          basic_altar, drop_trap, grunt_ministairs_2
Snake:2:  layout_onion, gammafunk_ghost_necromancy
Snake:3:  layout_basic, serial_bayou_shore_b
Snake:4:  grunt_snake_rune_spirals, layout_onion, serial_shops,
          nicolae_shop_bloodbath_and_beyond,
          portal_ice_cave_entry_horrid_things, basic_altar, serial_bayou_pond_d,
          drop_trap, st_stairs_12
Orc:1:    layout_diamond_mine, serial_shops, shop, nicolae_lakefront_shop,
          nicolae_shop_waterfront, uniq_erica
Orc:2:    hellmonk_orc_salted, layout_diamond_mine, ebering_ghost_rock_garden,
          serial_shops, nicolae_shop_overgrown_old_shop
Elf:1:    eino_elf_arrival_shootout, layout_geoelf_diagonals, serial_shops,
          shop, minmay_elf_crystal_hexagon, grunt_ministairs_1
Elf:2:    nicolae_elf_blades_splatter_lattice [grunt_blade_entry_basic],
          layout_loops_corners, serial_shops, freezing_bzr, uniq_asterion
Elf:3:    minmay_elf_hall_circle, layout_onion_city, serial_shops,
          nicolae_diamond_shop, dreamdust_wishing_well

Skill      XL: |  1  2  3  4  5  6  7  8  9 10 11 12 13 14 15 16 17 18 19 20 |
---------------+-------------------------------------------------------------+-----
Armour         | 1 2 3 4 5 6 7 8 9 10 11 | 11.4
Fighting       | 1 2 3 4 5 7 8 9 10 11 12 13 14 15 | 15.0
Earth Magic    | 4 5 6 7 8 9 11 12 13 14 15 | 15.1
Spellcasting   | 3 4 5 6 7 8 9 10 11 | 11.6
Conjurations   | 1 4 5 7 9 10 11 12 13 14 15 | 15.4
Dodging        | 3 5 6 7 |  7.3
Translocations | 3 5 |  5.0
Ice Magic      | 1 3 6 9 |  9.9
Shields        | 3 6 8 9 12 14 15 | 15.5
Summonings     | 1 3 6 7 9 11 | 11.7
Air Magic      | 5 |  5.0
Stealth        | |  2.1
Transmutations | |  0.7

Action                   |  1- 3 |  4- 6 |  7- 9 | 10-12 | 13-15 | 16-18 | 19-21 || total
-------------------------+-------+-------+-------+-------+-------+-------+-------++-------
Melee: Unarmed           |    13 |       |       |       |       |       |       ||    13
       Flail             |       |    30 |       |       |       |       |       ||    30
       Punch             |       |     1 |     4 |    11 |       |       |       ||    16
       Morningstar       |       |    17 |    37 |       |       |       |       ||    54
       Dagger            |       |       |   257 |   324 |    31 |       |       ||   612
       Scythe            |       |       |       |       |   584 |       |       ||   584
       Long sword        |       |       |       |       |    50 |   401 |   358 ||   809
 Cast: Sandblast         |    35 |    75 |   133 |   114 |    52 |     3 |     6 ||   418
       Stone Arrow       |       |       |    16 |   210 |   391 |   477 |   481 ||  1575
       Blink             |       |       |       |       |    11 |    10 |     8 ||    29
       Passwall          |       |       |       |       |     1 |       |       ||     1
       Passage of Golubr |       |       |       |       |     8 |    19 |    11 ||    38
       Leda's Liquefacti |       |       |       |       |     6 |     3 |     3 ||    12
       Freezing Cloud    |       |       |       |       |       |    16 |    36 ||    52
       Summon Lightning  |       |       |       |       |       |       |    25 ||    25
Invok: Divine Shield     |       |       |       |     1 |     2 |       |     6 ||     9
Evoke: Wand              |       |       |       |    18 |    10 |     1 |     7 ||    36
       Phantom mirror    |       |       |       |       |     3 |     3 |     2 ||     8
       Lightning rod     |       |       |       |       |       |     3 |     8 ||    11
       Tin of tremorston |       |       |       |       |       |       |     2 ||     2
  Use: Scroll            |       |       |       |    10 |     4 |     2 |    11 ||    27
       Potion            |       |       |       |     3 |     4 |     6 |     5 ||    18
 Stab: Sleeping          |     1 |       |       |       |       |       |       ||     1
Armor: Robe              |     1 |       |   161 |       |       |       |       ||   162
       Leather armour    |    15 |    43 |   159 |   260 |    14 |       |       ||   491
       Troll leather arm |       |       |       |       |   438 |   272 |   155 ||   865
       Ice dragon scales |       |       |       |       |    22 |       |       ||    22
       Chain mail        |       |       |       |       |       |       |   145 ||   145
Dodge: Dodged            |    23 |    53 |   325 |   315 |   919 |   565 |   314 ||  2514
       Repelled          |       |       |       |       |    30 |    17 |    56 ||   103
Block: Other             |       |       |       |    10 |    15 |       |       ||    25
       Buckler           |       |       |       |       |    23 |   102 |       ||   125
       Kite shield       |       |       |       |       |       |   265 |   478 ||   743

Table legend: (Time is in decaauts)
 A = Elapsed time spent in this place.
 B = Non-inter-level travel time spent in this place.
 C = Inter-level travel time spent in this place.
 D = Time resting spent in this place.
 E = Time spent auto-exploring this place.
 F = Levels seen in this place.
 G = Mean time per level.
                   A        B        C        D        E       F      G
               +--------+--------+--------+--------+--------+-----+--------+
         Total |  45217 |  41754 |   3463 |   7753 |  23135 |  35 | 1291.9 |
       Dungeon |  15021 |  13907 |   1114 |    574 |  10282 |  15 | 1001.4 |
          Lair |   8306 |   7574 |    732 |   2205 |   4133 |   5 | 1661.2 |
        Shoals |   6347 |   5978 |    369 |   1498 |   2726 |   4 | 1586.8 |
     Snake Pit |   7555 |   7015 |    540 |   2260 |   2242 |   4 | 1888.8 |
  Orcish Mines |   2600 |   2109 |    491 |    192 |   1279 |   2 | 1300.0 |
   Elven Halls |   4152 |   3936 |    216 |   1022 |   1720 |   3 | 1384.0 |
        Bazaar |    349 |    349 |      0 |      0 |    118 |   1 |  349.0 |
         Sewer |    884 |    884 |      0 |      0 |    633 |   1 |  884.0 |
               +--------+--------+--------+--------+--------+-----+--------+

Top non-repeatable levels by time:
 Snake:4: 2532 daAuts
   Elf:2: 2357 daAuts
  Lair:2: 2272 daAuts
Shoals:4: 2140 daAuts
  Lair:1: 2091 daAuts
  Lair:3: 1990 daAuts
  Lair:4: 1942 daAuts
 Snake:2: 1918 daAuts
 Snake:1: 1850 daAuts
   Orc:2: 1838 daAuts
Shoals:3: 1736 daAuts
    D:12: 1551 daAuts
     D:9: 1488 daAuts
    D:14: 1441 daAuts
   Elf:1: 1405 daAuts
